 Dungeon Crawl Stone Soup version 0.23-a0-275-g0cf4261 (webtiles) character file.

201378 rjrrt the Executioner (level 17, -6/241 HPs)
             Began as a Minotaur Berserker on Oct 2, 2018.
             Was the Champion of Trog.
             Mangled by a spark wasp (12 damage)
             ... on level 4 of the Spider Nest.
             The game lasted 01:16:07 (36132 turns).

rjrrt the Executioner (Minotaur Berserker)         Turns: 36132, Time: 01:16:08

Health: -6/241     AC: 33    Str: 38    XL:     17   Next: 91%
Magic:  16/16      EV: 15    Int:  6    God:    Trog [******]
Gold:   2840       SH:  0    Dex:  7    Spells: 16/16 levels left

rFire    . . .     SeeInvis +   a - +6 battleaxe (chop)
rCold    + . .     Gourm    +   (shield currently unavailable)
rNeg     + . .     Faith    .   w - +2 chain mail of Wu Jian's Castigation {+Fly MR+ Dex-3}
rPois    +         Spirit   .   e - +1 hat {SInv}
rElec    .         Reflect  .   P - +2 cloak {rC+}
rCorr    .         Harm     .   C - +1 pair of gloves
MR       +++..                  A - +2 pair of boots
Stlth    ..........             X - amulet "Ycleu" {Gourm rPois rN+ Str+4 Int+2}
HPRegen  0.50/turn              K - ring of protection from magic
MPRegen  0.15/turn              x - +6 ring of protection

@: berserking, very quick
A: retaliatory headbutt, horns 2, no potion heal 1
}: 1/15 runes: decaying
a: Berserk, Trog's Hand, Brothers in Arms, Renounce Religion, Evoke Flight


You were on level 4 of the Spider Nest.
You worshipped Trog.
Trog was exalted by your worship.
You were very full.

You visited 5 branches of the dungeon, and saw 31 of its levels.
You also visited: Ice Cave.

You collected 3216 gold pieces.
You spent 376 gold pieces at shops.

Inventory:

Hand Weapons
 a - a +6 battleaxe of chopping (weapon)
 b - the +4 hand crossbow of the Extremes {penet, +Blink rElec rPois}
   (You found it on level 5 of the Dungeon)

   Ammo fired by it will pass through the targets it hits, potentially hitting
   all targets in its path until it reaches maximum range.
   It insulates you from electricity.
   It protects you from poison.
   It lets you blink.
 c - a +1 demon trident of freezing
 m - a +1 antimagic battleaxe
 o - a +2 battleaxe of freezing
Missiles
 v - 524 bolts
Armour
 e - a +1 hat of see invisible (worn)
 w - the +2 chain mail of Wu Jian's Castigation (worn) {+Fly MR+ Dex-3}
   (You found it on level 4 of the Spider Nest)

   It affects your dexterity (-3).
   It affects your resistance to hostile enchantments.
   It lets you fly.
 A - a +2 pair of boots (worn)
 C - a +1 pair of gloves (worn)
 L - a +1 chain mail of fire resistance
 P - a +2 cloak of cold resistance (worn)
Jewellery
 x - a +6 ring of protection (right hand)
 K - a ring of protection from magic (left hand)
 U - an uncursed ring of protection from fire
 X - the amulet "Ycleu" (around neck) {Gourm rPois rN+ Str+4 Int+2}
   (You found it on level 1 of the Swamp)

   [amulet of the gourmand]

   It allows you to eat raw meat even when not hungry.
   It affects your strength (+4).
   It affects your intelligence (+2).
   It protects you from poison.
   It protects you from negative energy.
Wands
 i - a wand of digging (30)
 r - a wand of acid (20)
 s - a wand of iceblast (5)
 y - a wand of flame (66)
 B - a wand of disintegration (11)
 E - a wand of polymorph (44)
 H - a wand of paralysis (8)
 M - a wand of enslavement (13)
Scrolls
 d - 14 scrolls of remove curse
 f - 7 scrolls of identify
 p - 3 scrolls of enchant weapon
 z - 13 scrolls of teleportation
 F - 4 scrolls of fog
 G - 5 scrolls of immolation
 N - 2 scrolls of fear
 O - a scroll of blinking
 Q - 5 scrolls of magic mapping
 S - 2 scrolls of summoning
 T - 2 scrolls of silence
Potions
 g - 2 potions of resistance
 h - 3 potions of cancellation
 j - 10 potions of curing
 k - 11 potions of haste
 l - 6 potions of might
 n - 7 potions of lignification
 q - 2 potions of mutation
 t - 4 potions of invisibility
 u - 4 potions of agility
 I - 5 potions of flight
 R - 6 potions of heal wounds
Comestibles
 D - 45 rations


   Skills:
 + Level 17.0 Fighting
 + Level 22.6 Axes
 - Level 10.0 Crossbows
 + Level 16.9 Armour
 + Level 13.7 Dodging


You had 16 spell levels left.
You didn't know any spells.
Your spell library was empty.

Dungeon Overview and Level Annotations

Branches:
Dungeon (15/15)            Temple (0/1) D:6            Lair (6/6) D:10
  Swamp (4/4) Lair:2       Spider (4/4) Lair:2        Slime (0/5) Lair:5
    Orc (2/2) D:11            Elf (0/3) Orc:2        Vaults (0/5) D:13
 Depths (0/5) D:15

Altars:
Ashenzari
Dithmenos
Hepliaklqana
Makhleb
Nemelex Xobeh
Okawaru
Sif Muna
Uskayaw
Vehumet
Xom
The Shining One
Jiyva

Shops:
D:10 ?   D:12 :   Orc:2 (?}?

Annotations:
D:15 exclusion: Roxanne, Roxanne
Lair:1 exclusion: oklob plant


Innate Abilities, Weirdness & Mutations

You reflexively headbutt those who attack you in melee.
You have a pair of horns on your head.
Potions are less effective at restoring your health.


Message History

The spark wasp stings you but does no damage.
You are too injured to fight recklessly!
The web tears apart.
The spark wasp stings you!
* * * LOW HITPOINT WARNING * * *
The spark wasp shocks you!
* * * LOW HITPOINT WARNING * * *
Unknown command.
A red film seems to cover your vision as you go berserk!
You feel yourself moving faster!
You feel mighty! The spark wasp stings you!
* * * LOW HITPOINT WARNING * * *
The spark wasp shocks you!
* * * LOW HITPOINT WARNING * * *
The jumping spider leaps!
The spark wasp stings you but does no damage.
You slash the spark wasp! Your headbutt misses the spark wasp.
The spark wasp is moderately wounded.
The spark wasp stings you!
* * * LOW HITPOINT WARNING * * *
The spark wasp shocks you!
You die...

#.....# #.....##
#.%....##
#.......#
#.......#
#......# #..y†.#
#..@# #.†## #...#
#^§.# ### #...##
#####.##
#....####.##...##
#.....##...#....#
#.....##........#
#......#^....^.##


You could see a spark wasp.

Vanquished Creatures
  A bone dragon (Swamp:4)
  Jorgrun (Swamp:2)
  Gastronok (D:10)
  3 thorn hunters
  Kirke (D:15)
  A frost giant (IceCv)
  Louise (D:15)
  An orc warlord (Orc:2)
  4 entropy weavers
  2 spark wasps (Spider:2)
  Azrael (D:12)
  An ettin (Orc:2)
  Josephine (Lair:5)
  13 hydras
  A rakshasa (D:15)
  Harold (D:7)
  5 ghost crabs
  3 vault guards (D:13)
  A catoblepas (D:15)
  A merfolk avatar (Lair:6)
  2 shambling mangroves
  3 two-headed ogres
  5 centaur warriors
  10 alligators
  3 orc high priests (Orc:2)
  Urug (Lair:2)
  2 spriggan druids
  4 swamp dragons
  2 unseen horrors
  An obsidian statue (D:11)
  2 phantasmal warriors (Swamp:4)
  2 wizards
  Pikel (D:7)
  3 harpies (D:15)
  5 necromancers
  2 spectral hydras (Swamp:4)
  6 orc knights
  4 cyclopes
  5 orc sorcerers
  5 ugly things
  10 orb spiders
  2 deep elf magi
  20 wolf spiders
  5 manticores
  Joseph (D:7)
  A naga mage (D:15)
  A moth of wrath (Spider:4)
  A centaur zombie (D:10)
  13 elephants (Lair:6)
  An ice statue (IceCv)
  11 black mambas
  20 spiny frogs
  2 gargoyles
  5 swamp worm zombies (Swamp:4)
  A torpor snail (Lair:2)
  2 rime drakes (Lair:6)
  2 freezing wraiths (D:15)
  7 komodo dragons
  A redback zombie (D:14)
  11 demonic crawlers
  5 hydra zombies (Swamp:4)
  A queen bee (D:13)
  A merfolk (D:11)
  21 polar bears
  3 meliai (D:13)
  8 hornets
  3 wind drakes (Lair:6)
  20 jumping spiders
  6 trolls
  9 tyrant leeches
  2 spectral swamp dragons (Swamp:4)
  A raiju (shapeshifter) (D:15)
  7 blink frogs
  13 hippogriffs
  2 alligator zombies (Swamp:4)
  31 slime creatures
  8 dream sheep
  10 bog bodies
  A meliai zombie (D:14)
  62 redbacks
  2 spriggans
  3 centaur simulacra (D:15)
  A vampire (D:15)
  2 shadows
  A water elemental (D:12)
  3 wyverns
  7 wraiths
  63 yaks
  21 tarantellas
  17 humans (D:13)
  4 fire elementals (D:12)
  5 hogs (D:15)
  2 steam dragons
  21 vampire mosquitoes
  5 basilisks
  A hungry ghost (D:10)
  14 insubstantial wisps
  14 swamp worms
  2 wargs
  4 hell hounds (D:12)
  12 water moccasins
  6 swamp drakes
  6 porcupines
  2 acid dragons
  21 orc warriors
  7 ice beasts
  A sky beast (D:9)
  3 black bears
  A slave (D:7)
  2 swamp dragon zombies (Swamp:4)
  9 phantoms
  4 wolves (IceCv)
  15 ogres
  6 centaurs
  20 crocodiles
  4 big kobolds
  15 bullfrogs
  A water moccasin zombie (D:6)
  2 wyvern zombies
  3 scorpions
  A wyvern skeleton (D:12)
  29 killer bees
  2 electric eels
  3 howler monkeys
  3 crimson imps
  10 hounds
  A wyvern simulacrum (D:12)
  25 orc wizards
  A jelly (D:12)
  19 orc priests
  2 gnoll shamans
  Crazy Yiuf (D:2)
  3 bullfrog skeletons
  8 centaur skeletons
  15 worker ants
  7 iguanas
  3 spectral swamp drakes (Swamp:4)
  A hound skeleton (D:7)
  A worker ant zombie (D:6)
  14 gnolls
  12 adders
  A swamp drake zombie (Swamp:4)
  3 shadow imps
  12 white imps (Lair:5)
  An ooze (D:2)
  2 adder zombies
  4 worms
  2 dart slugs (D:1)
  7 leopard geckos
  67 orcs
  2 ball pythons
  3 giant cockroaches
  10 goblins
  5 hobgoblins
  6 jackals
  3 quokkas
  3 bats
  7 frilled lizards
  3 goblin zombies (D:6)
  2 hobgoblin zombies (D:6)
  A jackal skeleton (D:4)
  22 kobolds
  A kobold skeleton (D:6)
  3 orc zombies (D:6)
  6 rats
  2 briar patches (Swamp:4)
  6 fungi
  5 plants
  A withered plant (D:15)
1126 creatures vanquished.

Vanquished Creatures (collateral kills)
  A hydra (Lair:6)
  2 orb spiders (Spider:3)
  2 wolf spiders (Spider:3)
  A black mamba (Lair:6)
  A komodo dragon (Lair:6)
  A swamp worm zombie (Swamp:4)
  A rime drake (Lair:6)
  A jumping spider (Spider:3)
  5 blink frogs (Lair:1)
  A bog body (Swamp:4)
  4 yaks (Lair:6)
  An insubstantial wisp (Swamp:4)
  2 crocodiles (Lair:6)
23 creatures vanquished.

Vanquished Creatures (others)
  A spiny frog (Swamp:4)
  A water elemental (D:12)
  3 slaves (D:7)
  A crimson imp (D:7)
  A centaur simulacrum (D:12)
  A bush (Lair:6)
  28 fungi
  39 plants
75 creatures vanquished.

Grand Total: 1224 creatures vanquished

Notes
Turn   | Place    | Note
-------+----------+-------------------------------------------
     0 | D:1      | rjrrt the Minotaur Berserker began the quest for the Orb.
     0 | D:1      | Reached XP level 1. HP: 19/19 MP: 0/0
    46 | D:1      | Reached skill level 4 in Axes
   112 | D:1      | Reached XP level 2. HP: 13/26 MP: 1/1
   333 | D:1      | Reached ** piety under Trog
   333 | D:1      | Reached skill level 5 in Axes
   629 | D:1      | Reached XP level 3. HP: 26/31 MP: 2/2
   944 | D:2      | Found a shattered altar of Ashenzari.
  1148 | D:2      | Reached skill level 6 in Axes
  1148 | D:2      | Reached XP level 4. HP: 32/39 MP: 3/3
  1202 | D:2      | Found a runed door.
  1358 | D:2      | Noticed Crazy Yiuf
  1363 | D:2      | Killed Crazy Yiuf
  1509 | D:3      | Reached skill level 7 in Axes
  1509 | D:3      | Reached XP level 5. HP: 42/45 MP: 4/4
  1763 | D:3      | Reached *** piety under Trog
  2254 | D:3      | Found a sparkling altar of Nemelex Xobeh.
  2466 | D:4      | Reached skill level 8 in Axes
  2483 | D:4      | Reached XP level 6. HP: 43/51 MP: 5/5
  2558 | D:4      | Reached skill level 9 in Axes
  2712 | D:4      | Reached XP level 7. HP: 57/57 MP: 6/6
  3055 | D:4      | Reached skill level 10 in Axes
  3289 | D:4      | Found a deep blue altar of Sif Muna.
  3290 | D:4      | Found a burning altar of Makhleb.
  3291 | D:4      | Found a hide-covered altar of Uskayaw.
  3503 | D:5      | Entered Level 5 of the Dungeon
  3515 | D:5      | Reached skill level 11 in Axes
  3636 | D:5      | Got a fine hand crossbow
  3885 | D:5      | Reached XP level 8. HP: 64/64 MP: 7/7
  3886 | D:5      | Identified the +4 hand crossbow of the Extremes {penet,
                  | +Blink rElec rPois} (You found it on level 5 of the
                  | Dungeon)
  4177 | D:5      | Reached skill level 1 in Crossbows
  4778 | D:6      | Found a glowing golden altar of the Shining One.
  4786 | D:6      | Reached **** piety under Trog
  4868 | D:6      | Noticed a hippogriff
  4876 | D:6      | Killed a hippogriff
  4877 | D:6      | Found a staircase to the Ecumenical Temple.
  5051 | D:6      | Reached skill level 5 in Fighting
  5372 | D:7      | Reached skill level 12 in Axes
  5372 | D:7      | Reached XP level 9. HP: 74/74 MP: 8/8
  5375 | D:7      | Noticed Harold
  5378 | D:7      | Noticed Pikel
  5392 | D:7      | Killed Harold
  5392 | D:7      | Reached skill level 5 in Armour
  5400 | D:7      | Killed Pikel
  5416 | D:7      | Noticed Joseph
  5589 | D:7      | Killed Joseph
  5743 | D:7      | Reached XP level 10. HP: 47/84 MP: 9/9
  6249 | D:8      | Received a gift from Trog
  6285 | D:8      | Found an iron altar of Okawaru.
  6928 | D:8      | Reached ***** piety under Trog
  7368 | D:9      | Reached skill level 13 in Axes
  7398 | D:9      | Found a hazy altar of Hepliaklqana.
  7399 | D:9      | Found a shimmering altar of Xom.
  8106 | D:9      | Got a transparent halberd
  8111 | D:9      | Received a gift from Trog
  8404 | D:9      | Upgraded the game from 0.23-a0-270-gab6feb3 to
                  | 0.23-a0-275-g0cf4261
  8436 | D:10     | Entered Level 10 of the Dungeon
  8629 | D:10     | Found a staircase to the Lair.
  8662 | Lair:1   | Entered Level 1 of the Lair of Beasts
  9173 | Lair:1   | Noticed a spiny frog
  9186 | Lair:1   | Killed a spiny frog
  9186 | Lair:1   | Reached XP level 11. HP: 73/95 MP: 10/10
  9211 | Lair:1   | Reached skill level 10 in Crossbows
 10390 | Lair:1   | Noticed an oklob plant
 10907 | Lair:2   | Found a staircase to the Swamp.
 11019 | Lair:2   | Reached skill level 14 in Axes
 11105 | Lair:2   | Reached skill level 10 in Fighting
 11142 | Lair:2   | Found a hole to the Spider Nest.
 11393 | Lair:2   | Noticed Urug
 11418 | Lair:2   | Killed Urug
 11418 | Lair:2   | Reached skill level 10 in Armour
 11930 | Lair:3   | Reached XP level 12. HP: 68/108 MP: 6/11
 12031 | Lair:3   | Noticed a seven-headed hydra
 12036 | Lair:3   | Killed a seven-headed hydra
 12620 | Lair:4   | Received a gift from Trog
 12679 | Lair:4   | Identified the +11 halberd of Gluttony {antimagic, *Rage
                  | Str+4} (You found it on level 9 of the Dungeon)
 13067 | Lair:4   | You fall through a shaft for 2 floors!
 13067 | Lair:6   | Entered Level 6 of the Lair of Beasts
 13078 | Lair:6   | Reached skill level 15 in Axes
 13082 | Lair:6   | Reached skill level 5 in Dodging
 13082 | Lair:6   | Noticed a six-headed hydra
 13102 | Lair:6   | Killed a six-headed hydra
 13223 | Lair:6   | HP: 6/165 [komodo dragon (8)]
 13691 | Lair:6   | Received a gift from Trog
 14252 | Lair:6   | Reached skill level 16 in Axes
 14253 | Lair:6   | Reached XP level 13. HP: 85/117 MP: 9/12
 14260 | Lair:6   | Received a gift from Trog
 15169 | Lair:5   | Found a frozen archway.
 15176 | Lair:5   | Received a gift from Trog
 15194 | IceCv    | Entered an ice cave
 15568 | IceCv    | Reached skill level 17 in Axes
 15688 | IceCv    | Noticed a frost giant
 15702 | IceCv    | Killed a frost giant
 15824 | IceCv    | Got a crystal great mace
 15960 | Lair:5   | Identified the cursed +0 great mace "Dragonslayer"
                  | {protect, rN+} (You found it in an ice cave)
 16210 | Lair:5   | Noticed Josephine
 16239 | Lair:5   | Killed Josephine
 16339 | Lair:5   | Found a viscous altar of Jiyva.
 16339 | Lair:5   | Found a staircase to the Slime Pits.
 16356 | Lair:5   | Reached XP level 14. HP: 120/129 MP: 13/13
 16360 | Lair:5   | Received a gift from Trog
 17584 | D:10     | Noticed Gastronok
 17585 | D:10     | Received a gift from Trog
 17599 | D:10     | Killed Gastronok
 17742 | D:10     | Found Nacsek's Magic Scroll Shop.
 17766 | D:10     | Reached skill level 18 in Axes
 17781 | D:10     | Bought a scroll of blinking for 120 gold pieces
 17781 | D:10     | Bought a scroll of magic mapping for 56 gold pieces
 17781 | D:10     | Bought a scroll of fog for 32 gold pieces
 18524 | D:11     | Received a gift from Trog
 18529 | D:11     | Found a staircase to the Orcish Mines.
 19152 | Orc:1    | Entered Level 1 of the Orcish Mines
 19518 | Orc:2    | Entered Level 2 of the Orcish Mines
 19855 | Orc:2    | Found a radiant altar of Vehumet.
 19990 | Orc:2    | Noticed an orc warlord
 20016 | Orc:2    | Received a gift from Trog
 20021 | Orc:2    | Killed an orc warlord
 20128 | Orc:2    | Found a staircase to the Elven Halls.
 20573 | Orc:2    | Gained mutation: Potions are less effective at restoring
                  | your health. [a neqoxec]
 20660 | Orc:2    | Found Pumu's Weapon Shop.
 20696 | Orc:2    | Found Joucoucs's Magic Scroll Emporium.
 20704 | Orc:2    | Found Kapecy's Gadget Emporium.
 20706 | Orc:2    | Found Qibal's Magic Scroll Shop.
 20714 | Orc:2    | Bought a scroll of summoning for 123 gold pieces
 20714 | Orc:2    | Bought a scroll of magic mapping for 45 gold pieces
 21002 | D:12     | Found a shadowy altar of Dithmenos.
 21002 | D:12     | Found Wedes's Book Boutique.
 21028 | D:12     | Reached skill level 10 in Dodging
 21100 | D:12     | Noticed Azrael
 21126 | D:12     | Killed Azrael
 21680 | D:12     | Reached skill level 19 in Axes
 21683 | D:12     | Reached XP level 15. HP: 114/138 MP: 11/14
 21864 | D:13     | Received a gift from Trog
 21937 | D:13     | Reached ****** piety under Trog
 22562 | D:13     | Received a gift from Trog
 22712 | D:13     | Found a gate to the Vaults.
 23161 | D:14     | You fall through a shaft!
 23161 | D:15     | Entered Level 15 of the Dungeon
 23161 | D:15     | Noticed Kirke
 23175 | D:15     | Killed Kirke
 23255 | D:15     | Noticed Louise
 23272 | D:15     | Killed Louise
 23936 | D:15     | Received a gift from Trog
 23979 | D:15     | Reached skill level 20 in Axes
 23994 | D:15     | Reached skill level 15 in Fighting
 24197 | D:15     | Noticed Roxanne
 24851 | D:15     | Reached skill level 15 in Armour
 25020 | D:15     | Found a staircase to the Depths.
 25076 | D:15     | Reached XP level 16. HP: 149/149 MP: 15/15
 25193 | D:15     | Received a gift from Trog
 25445 | Swamp:1  | Entered Level 1 of the Swamp
 25470 | Swamp:1  | Found a transporter.
 25889 | Swamp:1  | Received a gift from Trog
 25927 | Swamp:1  | Found a transporter.
 26925 | Swamp:1  | Noticed a thorn hunter
 26942 | Swamp:1  | Killed a thorn hunter
 27001 | Swamp:1  | Got a fine ivory ring
 27011 | Swamp:1  | Got a transparent ivory amulet
 27020 | Swamp:1  | Identified the ring "Ahouh" {Ice rPois Dex+4} (You found it
                  | on level 1 of the Swamp)
 27023 | Swamp:1  | Identified the amulet "Ycleu" {Gourm rPois rN+ Str+4 Int+2}
                  | (You found it on level 1 of the Swamp)
 27787 | Swamp:2  | Received a gift from Trog
 27933 | Swamp:2  | Noticed Jorgrun
 27946 | Swamp:2  | Killed Jorgrun
 28307 | Swamp:2  | Reached skill level 21 in Axes
 28476 | Swamp:2  | Got a smoking hand crossbow
 28477 | Swamp:2  | Identified the cursed +3 hand crossbow "Tomeset" {velocity,
                  | rElec} (You found it on level 2 of the Swamp)
 29045 | Swamp:3  | Received a gift from Trog
 29170 | Swamp:3  | Noticed a thorn hunter
 29201 | Swamp:2  | Killed a thorn hunter
 30055 | Swamp:4  | Entered Level 4 of the Swamp
 30570 | Swamp:4  | Noticed a thorn hunter
 30588 | Swamp:4  | Killed a thorn hunter
 31434 | Swamp:4  | Reached XP level 17. HP: 129/158 MP: 16/16
 31480 | Swamp:4  | Received a gift from Trog
 32199 | Swamp:4  | Noticed a bone dragon
 32216 | Swamp:4  | Killed a bone dragon
 32253 | Swamp:4  | Got a decaying rune of Zot
 32621 | Spider:1 | Entered Level 1 of the Spider Nest
 33270 | Spider:1 | Reached skill level 22 in Axes
 33879 | Spider:2 | Received a gift from Trog
 34711 | Spider:3 | Received a gift from Trog
 35224 | Spider:3 | Received a gift from Trog
 35964 | Spider:4 | Entered Level 4 of the Spider Nest
 35993 | Spider:4 | Got a brightly glowing chain mail
 36007 | Spider:4 | Identified the +2 chain mail of Wu Jian's Castigation {+Fly
                  | MR+ Dex-3} (You found it on level 4 of the Spider Nest)
 36029 | Spider:4 | Received a gift from Trog
 36132 | Spider:4 | HP: 6/241 [spark wasp (15)]
 36132 | Spider:4 | Mangled by a spark wasp

Vault maps used:
D:1:      matt_arrival_refuge
D:2:      evilmike_ruin_ashenzari, uniq_crazy_yiuf_cottage
D:3:      nemelex_xobeh_ov_fountains_minmay
D:4:      grunt_temple_overflow_open, patterned_corridor
D:5:      first_ration
D:6:      temple_fountains, nicolae_tso_besieged_by_evil
D:7:      uniq_joseph, uniq_harold, uniq_pikel
D:8:      old_standard_altar
D:9:      regret_index_temple_of_mockery, roderic_lattice_a
D:10:     lair_entry_dummy, serial_shops, shop, uniq_gastronok
D:11:     orc_0_dummy, hangedman_fish_farm, st_stairs_14, minivault_16,
          kennysheep_generic_room_8
D:12:     serial_ice, serial_ice_n, serial_ice_h, serial_ice_d, serial_ice_j,
          basic_altar, serial_shops, shop, uniq_azrael
D:13:     grunt_vaults_entry_tiered, special_room
D:14:     spider_trap
D:15:     grunt_enter_depths_magical_seal, dk_noncrumbling_4,
          argonaut_gorgonesque, uniq_louise, uniq_roxanne, uniq_kirke
Lair:1:   st_stairs_7, infiniplex_staircase_pool_2, serial_bayou_shore_b,
          minmay_lair_oklob_chamber
Lair:2:   swamp_mist_pool, spider_nest_entry_webs, st_stairs_7, uniq_urug
Lair:4:   serial_bayou_shore_b
Lair:5:   slime_altar_1, portal_ice_cave_entry_imps, grunt_megastairs_1,
          uniq_josephine
Lair:6:   gammafunk_lair_ancient_temple, serial_bayou_shore_b
Swamp:1:  gammafunk_its_a_trap, nicolae_swamp_little_tower, swamp_pool5
Swamp:2:  evilmike_swamp_ruin_house_6, uniq_jorgrun
Swamp:3:  nicolae_swamp_round_clearing
Swamp:4:  swamp_pestilence
Spider:1: hangedman_spider_tarantella_strand
Spider:4: grunt_spider_rune_parallel, uniq_arachne
Orc:1:    nicolae_orc_lava_room
Orc:2:    st_orc_elflike, basic_altar
IceCv:    ice_cave_small_giant

Skill      XL: |  1  2  3  4  5  6  7  8  9 10 11 12 13 14 15 16 17 |
---------------+----------------------------------------------------+-----
Axes           | 4 5 6 7 8 9 11 12 13 14 16 17 19 20 21 22 | 22.6
Crossbows      | 4 7 9 10 | 10.0
Fighting       | 5 6 8 10 11 13 14 15 16 17 | 17.0
Armour         | 4 6 8 10 11 12 13 15 16 | 16.9
Dodging        | 3 6 8 10 11 12 13 | 13.7

Action                   |  1- 3 |  4- 6 |  7- 9 | 10-12 | 13-15 | 16-18 || total
-------------------------+-------+-------+-------+-------+-------+-------++-------
Melee: Hand axe          |    81 |   118 |   268 |   684 |       |       ||  1151
       Headbutt          |     9 |    30 |    68 |   184 |   279 |   215 ||   785
       Battleaxe         |       |       |       |   132 |  1206 |   828 ||  2166
       Whip              |       |       |       |     3 |     1 |       ||     4
       Demon trident     |       |       |       |       |       |    25 ||    25
 Fire: Hand crossbow     |       |       |       |    17 |    10 |    39 ||    66
Invok: Berserk           |       |     2 |     4 |    10 |     6 |    10 ||    32
       Brothers in Arms  |       |       |       |     5 |       |     4 ||     9
       Trog's Hand       |       |       |       |       |     6 |     1 ||     7
  Use: Scroll            |       |     8 |     8 |    16 |     9 |     6 ||    47
       Potion            |       |       |       |     4 |     2 |     4 ||    10
  Eat: Chunk             |     1 |     7 |    10 |    34 |    34 |    51 ||   137
       Ration            |       |       |     1 |     1 |     3 |     2 ||     7
Armor: Animal skin       |    19 |       |       |       |       |       ||    19
       Plate armour      |     3 |    53 |   100 |   575 |   376 |       ||  1107
       Chain mail        |       |       |       |       |   294 |   643 ||   937
Dodge: Dodged            |    46 |    36 |    68 |   299 |   609 |   585 ||  1643

Table legend:
 A = Non-vault XP
 B = Vault XP
 C = Vault XP percentage of total XP
 D = Non-vault monster count
 E = Vault monster count
 F = Vault count percentage of total count
                 A         B        C        D         E       F
            +---------+---------+-------+---------+---------+-------
      Total |  197777 |   85670 |  30.2 |     865 |     269 |  23.7
            +---------+---------+-------+---------+---------+-------
        D:1 |      44 |       0 |   0.0 |      25 |       0 |   0.0
        D:2 |      54 |      39 |  41.9 |      13 |       1 |   7.1
        D:3 |     153 |       0 |   0.0 |      28 |       0 |   0.0
        D:4 |     916 |       0 |   0.0 |      22 |       0 |   0.0
        D:5 |     600 |       0 |   0.0 |      17 |       0 |   0.0
        D:6 |     932 |      21 |   2.2 |      17 |      10 |  37.0
        D:7 |     959 |    2121 |  68.9 |      19 |       3 |  13.6
        D:8 |    1607 |       0 |   0.0 |      43 |       0 |   0.0
        D:9 |    1596 |       0 |   0.0 |      26 |       0 |   0.0
       D:10 |    4320 |    2255 |  34.3 |      38 |       1 |   2.6
       D:11 |    2438 |    1124 |  31.6 |      21 |       4 |  16.0
       D:12 |    5002 |    3329 |  40.0 |      28 |      13 |  31.7
       D:13 |    8399 |   11638 |  58.1 |      35 |      49 |  58.3
       D:14 |    7474 |       0 |   0.0 |      29 |       0 |   0.0
       D:15 |   13492 |   11535 |  46.1 |      41 |      22 |  34.9
     Lair:1 |    5887 |     523 |   8.2 |      25 |       2 |   7.4
     Lair:2 |    2455 |    1711 |  41.1 |      10 |       5 |  33.3
     Lair:3 |    5514 |       0 |   0.0 |      21 |       0 |   0.0
     Lair:4 |    1279 |       0 |   0.0 |       9 |       0 |   0.0
     Lair:5 |    8180 |    2385 |  22.6 |      30 |      19 |  38.8
     Lair:6 |   16518 |    8643 |  34.4 |      51 |      27 |  34.6
    Swamp:1 |    8990 |    3965 |  30.6 |      26 |       8 |  23.5
    Swamp:2 |   16797 |    3186 |  15.9 |      32 |       1 |   3.0
    Swamp:3 |   12435 |       0 |   0.0 |      31 |       0 |   0.0
    Swamp:4 |   11797 |   15057 |  56.1 |      34 |      45 |  57.0
   Spider:1 |   14693 |     223 |   1.5 |      50 |       1 |   2.0
   Spider:2 |   14575 |       0 |   0.0 |      35 |       0 |   0.0
   Spider:3 |   20553 |       0 |   0.0 |      57 |       0 |   0.0
   Spider:4 |    4337 |       0 |   0.0 |      12 |       0 |   0.0
      Orc:1 |    1238 |       0 |   0.0 |      13 |       0 |   0.0
      Orc:2 |    4543 |    8346 |  64.8 |      27 |      25 |  48.1
      IceCv |       0 |    9569 | 100.0 |       0 |      33 | 100.0
            +---------+---------+-------+---------+---------+-------
